 Dungeon Crawl Stone Soup version bcrawl-1.36.1 (webtiles) character file.

Game seed: 17629680397419665425

263394 Morbidden the Cudgeler (level 8, -1/84 HPs)
             Began as an Ent Sloth Apostle on May 17, 2022.
             Was a High Priest of Cheibriados.
             Slain by a bullfrog (6 damage)
             ... on level 5 of the Dungeon.
             The game lasted 00:06:22 (4700 turns).

Morbidden the Cudgeler (Ent Sloth Apostle)          Turns: 4700, Time: 00:06:22

Health: -1/84      AC: 15    Str: 32    XL:     8   Next: 41%
Magic:  13/13      EV: 10    Int: 25    God:    Cheibriados [*****.]
Gold:   402        SH: 16    Dex: 20    Spells: 13/14 levels left

rFire    . . .     SeeInvis .   b - +2 hand axe (flame)
rCold    + . .     Gourm    .   w - +0 medium shield
rNeg     + + +     Faith    .   (armour unavailable)
rPois    +         Spirit   .   (helmet restricted)
rElec    .         Reflect  +   (no cloak)
rCorr    .         Clarity  +   (gloves unavailable)
MR       .....                  (boots unavailable)
Stlth    +++.......             n - +5 amulet of reflection
HPRegen  0.24/turn              z - ring of protection from cold
MPRegen  0.13/turn              (no ring)

@: swift, flying, slowed, very slow
A: large, slow actions, passwall, strong branches, negative energy resistance 3,
poison resistance, slow metabolism 1, torment resistance, unbreathing, AC +15
a: Passwall, Bend Time, Defer, Temporal Distortion, Step From Time, Renounce
Religion


You were on level 5 of the Dungeon.
You worshipped Cheibriados.
Cheibriados was extremely pleased with you.
You were hungry.

You visited 1 branch of the dungeon, and saw 6 of its levels.

You collected 402 gold pieces.

Inventory:

Hand Weapons
 a - a +2 flail of crushing
 b - a +2 hand axe of flaming (weapon)
Missiles
 r - 156 poisoned tomahawks (quivered)
Armour
 w - a +0 medium shield (worn)
Jewellery
 n - a +5 amulet of reflection (around neck)
 z - a ring of protection from cold (left hand)
Wands
 c - a wand of paralysis (10)
 j - a wand of polymorph (28)
Scrolls
 d - a scroll of noise {unknown}
 f - 3 scrolls of remove curse
 i - 6 scrolls of identify
 l - 2 scrolls of magic mapping {unknown}
 m - a scroll of enchant armour {unknown}
 p - a scroll of immolation {unknown}
 q - 2 scrolls of enchant weapon {unknown}
 v - a scroll of vulnerability {unknown}
 y - a scroll of amnesia {unknown}
 B - a scroll of blinking {unknown}
Potions
 h - a potion of curing {unknown}
 k - a potion of degeneration
 o - a potion of flight
 s - 2 potions of invisibility {unknown}
 t - a potion of brilliance {unknown}
 u - a potion of agility {unknown}
 x - a potion of resistance {unknown}
 A - a potion of cancellation {unknown}
Comestibles
 e - 8 rations {!d}


   Skills:
 * Level 3.9 Fighting
 * Level 2.6(3.3) Axes
 * Level 4.9(5.7) Maces & Flails
 + Level 0.2 Throwing
 * Level 3.6 Dodging
 + Level 4.2 Stealth
 * Level 4.5 Shields
 * Level 3.5 Spellcasting
 + Level 2.0 Hexes
 * Level 3.7 Invocations
 + Level 0.8 Evocations


You had 13 spell levels left.
You knew the following spells:

 Your Spells              Type           Power        Failure   Level  Hunger
a - Slow                  Hex            ##......     19%         1    None
Your spell library was empty.

Dungeon Overview and Level Annotations

Branches:
Dungeon (6/12)
 Temple: D:4-7

Altars:
Nemelex Xobeh
Vehumet
Zin

Shops:
D:4 *   D:5 !

Annotations:
D:5 1 runed door


Innate Abilities, Weirdness & Mutations

You move and act slowly.
You can pass through walls and trees.
Your branches can wield two-handed weapons with a shield.
Your thick bark is tough. (AC +15)
You are too large for most types of armour.
You are immune to negative energy. (rN+++)
Your system is resistant to poisons. (rPois)
You have a slow metabolism.
You are immune to unholy pain and torment.
You can survive without breathing.


Message History

You climb upwards.
Level annotation: 1 runed door
There is a stone staircase leading down here.
No path to travel!
No path to travel!
No path to travel!
No path to travel!
No path to travel!
No path to travel!
Unknown command.
Okay, then.
It was a potion of flight.
You feel very buoyant.
You fly up into the air. "This would be unforgivable if you put any effort into moving so quickly!"
You block the bullfrog's attack. x2; The bullfrog closely misses you.
The bullfrog hits you but does no damage.
The crimson imp barely misses you. The bullfrog barely misses you.
The bullfrog hits you.
You die...

...♣ #...#.#................#####
...♣ #...#.....#'#####......##..#
...# #...###...#............####.
...# #.........#............# #.
..## #.......#.#......##########.
..####.......#................###
..#..........#.............#...##
..#.##......###F.###.......#....#
.#...'......'..5@###.......#.....
.#..##......##.#F##........###...
....##......##.#.##........# #...
...###......##^#.##...########...
...# #####.....#.#......# #......
...# #.....#.#......# #....).
...#######.....#.#......# #......
<#.##..........#.#......# #......
##.##.####....##.#......# #......


You could see 2 bullfrogs and a crimson imp.

Vanquished Creatures
  Edmund (D:5)
  An ice beast (D:6)
  An orc warrior (D:5)
  2 ogres
  A scorpion (D:4)
  A vampire bat (D:5)
  2 orc priests (D:4)
  2 crimson imps
  3 hounds
  3 orc wizards
  Ijyb (D:4)
  4 worker ants (D:4)
  4 gnolls (D:5)
  6 adders
  An ooze (D:3)
  2 adder skeletons (D:4)
  2 worms
  3 dart slugs
  3 fire bats (D:5)
  3 leopard geckos
  16 orcs
  2 spectral bats (D:5)
  16 bats
  3 bat skeletons (D:5)
  A bat zombie (D:5)
  2 giant cockroaches
  7 goblins
  6 hobgoblins
  A jackal (D:2)
  11 kobolds
  3 quokkas
  A ball python (D:1)
  A bat simulacrum (D:5)
  3 frilled lizards
  4 rats
123 creatures vanquished.

Vanquished Creatures (others)
  2 centaurs (D:5)
  An orc (D:5)
3 creatures vanquished.

Grand Total: 126 creatures vanquished

Notes
Turn   | Place    | Note
-------+----------+-------------------------------------------
     0 | D:1      | Morbidden the Ent Sloth Apostle began the quest for the
                  | Orb.
     0 | D:1      | Reached XP level 1. HP: 22/22 MP: 2/2
   269 | D:1      | Reached XP level 2. HP: 26/30 MP: 3/3
   330 | D:1      | Reached skill level 1 in Invocations
   413 | D:1      | Reached * piety under Cheibriados
   495 | D:1      | Reached XP level 3. HP: 39/39 MP: 4/4
  1039 | D:2      | Reached ** piety under Cheibriados
  1418 | D:2      | Reached XP level 4. HP: 46/47 MP: 6/6
  1591 | D:3      | Found a faded altar of an unknown god.
  1753 | D:3      | Reached skill level 1 in Dodging
  2294 | D:3      | Found a sparkling altar of Nemelex Xobeh.
  2467 | D:4      | Found Tinadol's Assorted Antiques.
  2468 | D:4      | Noticed an ogre
  2474 | D:4      | Killed an ogre
  2475 | D:4      | Reached XP level 5. HP: 25/54 MP: 7/7
  2702 | D:5      | Entered Level 5 of the Dungeon
  2702 | D:5      | Found Cemeuzol's Distillery.
  2743 | D:5      | Noticed an orc warrior
  2834 | D:5      | Reached *** piety under Cheibriados
  2847 | D:5      | Reached XP level 6. HP: 62/64 MP: 9/9
  2916 | D:5      | Reached **** piety under Cheibriados
  2985 | D:5      | Killed an orc warrior
  3140 | D:5      | Reached skill level 1 in Axes
  3140 | D:5      | Reached XP level 7. HP: 68/72 MP: 10/10
  3323 | D:5      | Found a glowing silver altar of Zin.
  3323 | D:5      | Found a radiant altar of Vehumet.
  3420 | D:5      | Found a runed door.
  3522 | D:5      | Noticed Edmund
  3530 | D:5      | Killed Edmund
  3990 | D:4      | Reached XP level 8. HP: 70/81 MP: 12/12
  4179 | D:4      | Noticed Ijyb
  4197 | D:4      | Killed Ijyb
  4310 | D:4      | Reached ***** piety under Cheibriados
  4698 | D:6      | HP: 3/84 [bullfrog (6)]
  4700 | D:5      | Slain by a bullfrog

Skill      XL: |  1  2  3  4  5  6  7 |
---------------+----------------------+-----
Invocations    | 1 2 3 |  3.7
Stealth        | 4 |  4.2
Maces & Flails | 3 4 |  4.9
Shields        | 2 3 4 |  4.5
Dodging        | 1 2 3 |  3.6
Spellcasting   | 2 3 |  3.5
Fighting       | 3 |  3.9
Axes           | 1 2 |  2.6
Throwing       | |  0.2
Hexes          | |  2.0
Evocations     | |  0.8

Action                   |  1- 3 |  4- 6 |  7- 9 || total
-------------------------+-------+-------+-------++-------
Melee: Mace              |   124 |    77 |       ||   201
       Hand axe          |       |    60 |   118 ||   178
Throw: Tomahawk          |       |     2 |    11 ||    13
  Use: Scroll            |       |     2 |     1 ||     3
       Potion            |       |     2 |     1 ||     3
 Stab: Sleeping          |     7 |     6 |     3 ||    16
  Eat: Chunk             |     5 |     6 |     9 ||    20
Armor: Skin              |    99 |    74 |    65 ||   238
Dodge: Dodged            |    52 |    54 |    68 ||   174
Block: Medium shield     |   111 |   163 |   154 ||   428
       Reflection        |       |     5 |     2 ||     7
